 Dungeon Crawl Stone Soup version 0.18-a0-705-g580043c (webtiles) character file.

53 4thArraOfDagon the Bolt Thrower (level 3, 0/29 HPs)
             Began as a Centaur Hunter on Dec 7, 2015.
             Killed by nerve-wracking pain
             ... invoked by an orc priest
              (8 damage)
             ... on level 4 of the Dungeon.
             The game lasted 00:03:21 (596 turns).

4thArraOfDagon the Bolt Thrower (Centaur Hunter)     Turns: 596, Time: 00:03:21

Health: 0/29       AC:  4    Str: 14    XL:     3   Next: 64%
Magic:  3/3        EV:  9    Int: 16    God:
Gold:   43         SH:  0    Dex:  9    Spells: 0 memorised, 2 levels left

rFire  . . .     SeeInvis .     a - +1 hand crossbow
rCold  . . .     Clarity  .     c - +0 leather armour
rNeg   . . .     SustAt   .     (no shield)
rPois  .         Gourm    .     (no helmet)
rElec  .         Spirit   .     (no cloak)
rCorr  .         Dismiss  .     (no gloves)
rMut   .         Stasis   .     (no barding)
MR     .....                    (no amulet)
Stlth  +.........               (no ring)
                                (no ring)

@: brilliant, very slightly contaminated, invisible, very quick, not resistant
to hostile enchantments, very unstealthy
A: hooves 3, deformed body, speed 2, tough skin 3
a: no special abilities


You were on level 4 of the Dungeon.
You were not hungry.

You visited 1 branch of the dungeon, and saw 4 of its levels.

You collected 43 gold pieces.

Inventory:

Hand Weapons
 a - a +1 hand crossbow (weapon)
 b - a +0 short sword
Missiles
 d - 37 bolts (quivered)
Armour
 c - a +0 leather armour (worn)
 l - a +0 helmet
Scrolls
 g - 4 scrolls of remove curse {unknown}
 h - 2 scrolls of enchant weapon {unknown}
 j - a scroll of blinking {unknown}
 k - 2 scrolls of identify {unknown}
 p - a scroll of recharging {unknown}
Potions
 o - a potion of brilliance
Comestibles
 e - 2 bread rations
 f - 4 fruits
 i - 2 meat rations
 n - a beef jerky


   Skills:
 - Level 2.0 Fighting
 * Level 5.9 Crossbows
 - Level 1.3 Dodging
 - Level 0.5 Stealth


You had 2 spell levels left.
You didn't know any spells.

Dungeon Overview and Level Annotations

Branches:
Dungeon (4/15)
 Temple: D:4-7

Altars:
Cheibriados

Annotations:
D:3 Duffy's ghost, amateur MiBe


Innate Abilities, Weirdness & Mutations

You have hooves in place of feet.
Armour fits poorly on your strangely shaped body.
You cover ground very quickly.
You have extremely tough skin (AC +3).


Message History

Drink which item? (? for menu, Esc to quit)
It was a potion of invisibility.
You fade into invisibility!
You are very lightly contaminated with residual magic.
Drink which item? (? for menu, Esc to quit)
It was a potion of brilliance.
You feel clever all of a sudden.
An orc wizard comes into view. It is wielding a dagger.
You see here a hunting sling.
Firing (i - inventory):
d - 39 bolts (quivered)
Press: ? - help, Shift-Dir - straight line, f - orc priest
Aim: an orc priest, wielding a club and wearing a scale mail You shoot a bolt.
The bolt barely misses the orc priest.
Firing (i - inventory):
d - 38 bolts (quivered)
Press: ? - help, Shift-Dir - straight line, f/p - orc priest
Aim: an orc priest, wielding a club and wearing a scale mail You shoot a bolt.
The bolt closely misses the orc priest.
The orc priest calls down the wrath of Beogh upon you.
Pain shoots through your body!
You die...

## #.$...# # 8...8# # ##_##
## ####### .## #.#..# #
..## ###...## #.# ...##
##.#.### ...#
....####....#########....##
..(.'.([......).@.)(o..(...
....####....#########....##
...## ##....# .o.# ..##
##...# #.# .## #...# # ##
#.### # #.# # ### #.#
###.##


You could see an orc priest.

Vanquished Creatures
  An orc wizard (D:4)
  2 orcs
  2 hobgoblins
  5 jackals
  A ball python (D:3)
  3 giant geckos
  5 goblins
  3 kobolds
  2 quokkas
  2 rats (D:1)
26 creatures vanquished.

Notes
Turn   | Place    | Note
--------------------------------------------------------------
     0 | D:1      | 4thArraOfDagon the Centaur Hunter began the quest for the Orb.
     0 | D:1      | Reached XP level 1. HP: 17/17 MP: 1/1
   141 | D:1      | Reached XP level 2. HP: 18/24 MP: 2/2
   196 | D:2      | Reached skill level 5 in Crossbows
   412 | D:3      | Noticed Duffy's ghost (amateur MiBe)
   534 | D:4      | Found a snail-covered altar of Cheibriados.
   552 | D:4      | Reached XP level 3. HP: 13/29 MP: 3/3
   596 | D:4      | Killed from afar by an orc priest

Vault maps used:
D:1:      arrival_zaba_pyramid, minmay_bisected
D:2:      elyvilon_altar_1, kennysheep_decorative_pillar
D:4:      nicolae_overflow_hidden_temple, minmay_temple_entry_glassed_door,
          serial_shops, kennysheep_mini, minmay_misc_feat_nine_boxes,
          uniq_duvessa, uniq_blork_the_orc, uniq_menkaure

Action                   || total
-------------------------++-------
 Fire: Hand crossbow     ||    74
  Use: Potion            ||     2
